 Dungeon Crawl Stone Soup version 0.31.0-12-g77e489cdc1 (webtiles) character file.

Game seed: 18009451232003755998

240604 kayski the Warrior (level 19, 0/188 HPs)
             Began as a Minotaur Fighter on Feb 23, 2024.
             Was the Champion of the Shining One.
             Slain by a +0 hand axe of electrocution (6 damage)
             ... animated by Zenata
             ... on level 2 of the Elven Halls.
             The game lasted 02:07:36 (29319 turns).

kayski the Warrior (Minotaur Fighter)              Turns: 29319, Time: 02:07:37

Health: 0/188      AC: 26    Str: 41    XL:     19   Next: 5%
Magic:  21/26      EV:  8    Int:  5    God:    the Shining One [******]
Gold:   869        SH: 12    Dex: 11    Spells: 18/18 levels left

rFire   + . .        a - +9 war axe (spect)
rCold   . . .        v - +1 kite shield
rNeg    + + +        T - +4 plate armour "Cysalacs" {Str+7}
rPois   .            (helmet restricted)
rElec   .            X - scarf of the Alphagorgon {shadows, rF+ Regen+ rCorr}
rCorr   +            p - +2 pair of gloves
SInv    .            D - +0 pair of boots
Will    ++...        f - amulet of regeneration Stlth
                     A - +6 ring of strength
HPRegen 2.11/turn    g - ring of willpower
MPRegen 0.20/turn

%: no passive effects
@: glowing, studying 2 skills
A: horns 2, retaliatory headbutt
}: 1/15 runes: decaying
a: Renounce Religion, Divine Shield, Cleansing Flame, Summon Divine Warrior,
Brand Weapon With Holy Wrath


You were on level 2 of the Elven Halls.
You worshipped the Shining One.
The Shining One was exalted by your worship.
You visited 7 branches of the dungeon, and saw 31 of its levels.
You also visited: Ice Cave.

You collected 3929 gold pieces.
You spent 3060 gold pieces at shops.

Inventory:

Hand Weapons
 a - a +9 spectral war axe (weapon)
 n - the +5 flail of Innocence {flame, rC+ rN+ Dex+2}
   (You found it on level 13 of the Dungeon)

   Dex+2:     It affects your dexterity (+2).
   rC+:       It protects you from cold.
   rN+:       It protects you from negative energy.
 I - the +7 broad axe "Jenarei" {pain, Fly rC+ Int+2 Stlth-}
   (You found it on level 2 of the Vaults)

   Int+2:     It affects your intelligence (+2).
   rC+:       It protects you from cold.
   Fly:       It grants you flight.
   Stlth-:    It makes you less stealthy.
   The Shining One disapproves of the use of such an item.
Missiles
 q - 6 javelins
 s - 38 poisoned darts
 M - 2 throwing nets (quivered)
Armour
 p - a +2 pair of gloves (worn)
 v - a +1 kite shield (worn)
 D - a +0 pair of boots (worn)
 K - the +4 ring mail "Ytisuype" {^Contam Harm rElec Slay+5}
   (You found it on level 10 of the Dungeon)

   Slay+5:    It affects your accuracy & damage with ranged weapons and melee
   (+5).
   rElec:     It insulates you from electricity.
   ^Contam:   It causes magical contamination when unequipped.
   Harm:      It increases damage dealt and taken.
 Q - a scarf of resistance
 T - the +4 plate armour "Cysalacs" (worn) {Str+7}
   (You bought it in a shop on level 1 of the Orcish Mines)

   Str+7:     It affects your strength (+7).
 W - the +0 buckler of Tucva {-Cast rN+ rCorr Dex+3}
   (You acquired it on level 3 of the Swamp)

   Dex+3:     It affects your dexterity (+3).
   rN+:       It protects you from negative energy.
   -Cast:     It prevents spellcasting.
   rCorr:     It protects you from acid and corrosion.
 X - the scarf of the Alphagorgon (worn) {shadows, rF+ Regen+ rCorr}
   (You acquired it on level 3 of the Swamp)

   rF+:       It protects you from fire.
   Regen+:    It increases your rate of health regeneration.
   rCorr:     It protects you from acid and corrosion.
 Y - +0 fire dragon scales
Jewellery
 f - an amulet of regeneration (around neck)
 g - a ring of willpower (right hand)
 l - a +6 ring of dexterity
 A - a +6 ring of strength (left hand)
 B - a ring of flight
 E - a ring of resist corrosion
 S - a +6 ring of intelligence
 V - a ring of see invisible
Wands
 h - a wand of flame (83)
 o - a wand of iceblast (44)
 r - a wand of acid (15)
 y - a wand of mindburst (46)
 F - a wand of charming (28)
 L - a wand of digging (9)
Scrolls
 e - a scroll of fear
 i - a scroll of silence
 j - 7 scrolls of teleportation
 m - 3 scrolls of immolation
 t - 5 scrolls of revelation
 w - 3 scrolls of vulnerability
 x - 3 scrolls of poison
 G - a scroll of amnesia
 H - 8 scrolls of identify
 O - a scroll of noise
 P - a scroll of brand weapon
 R - 2 scrolls of summoning
Potions
 b - 4 potions of enlightenment
 c - a potion of heal wounds
 d - 4 potions of might
 k - a potion of attraction
 u - 2 potions of haste
 z - 2 potions of berserk rage
 C - 10 potions of curing
 J - 2 potions of resistance
 N - 2 potions of cancellation
 U - a potion of magic {unknown}


   Skills:
 * Level 20.9 Fighting
 * Level 20.7(22.9) Axes
 - Level 17.1(21.2) Maces & Flails
 - Level 8.0 Throwing
 + Level 15.4 Armour
 + Level 11.1 Shields
 + Level 12.4 Unarmed Combat
 * Level 11.7 Invocations
 - Level 4.4 Evocations


You had 18 spell levels left.
You didn't know any spells.
Your spell library contained the following spells:

 Spells                   Type           Power      Damage    Failure   Level
 Foxfire                  Conj/Fire      0%         2x1d4     95%         1
 Freeze                   Ice            0%         1d3       95%         1
 Slow                     Hex            0%         N/A       95%         1
 Summon Small Mammal      Summ           0%         N/A       95%         1
 Static Discharge         Conj/Air       0%         3-3/arc   98%         2
 Call Canine Familiar     Summ           0%         N/A       100%        3
 Confusing Touch          Hex            0%         N/A       100%        3
 Dazzling Flash           Conj/Hex       0%         N/A       100%        3
 Frozen Ramparts          Ice            0%         1d1       100%        3
 Hailstorm                Conj/Ice       0%         3d5       100%        3
 Inner Flame              Hex/Fire       0%         N/A       100%        3
 Mephitic Cloud           Conj/Alch/Air  0%         N/A       100%        3
 Ozocubu's Armour         Ice            0%         N/A       100%        3
 Sigil of Binding         Hex            0%         N/A       100%        3
 Vampiric Draining        Necr           0%         2d6       100%        3
 Volatile Blastmotes      Fire/Tloc      0%         2d10      100%        3
 Airstrike                Air            0%         2d(0-16)  100%        4
 Brom's Barrelling Bould  Conj/Erth      0%         2d3       100%        4
 Flame Wave               Conj/Fire      0%         2d4       100%        4
 Ignite Poison            Fire/Alch      0%         N/A       100%        4
 Sticky Flame             Fire/Alch      0%         2d4       100%        4
 Summon Blazeheart Golem  Fire/Summ      0%         N/A       100%        4
 Summon Lightning Spire   Summ/Air       0%         N/A       100%        4
 Curse of Agony           Necr           0%         N/A       100%        5
 Fireball                 Conj/Fire      0%         3d3       100%        5
 Iskenderun's Battlesphe  Conj           0%         2d6       100%        5
 Metabolic Englaciation   Hex/Ice        0%         N/A       100%        5
 Silence                  Hex/Air        0%         N/A       100%        5
 Conjure Ball Lightning   Conj/Air       0%         3x3d6     100%        6
 Plasma Beam              Fire/Air       0%         2x1d10    100%        6
 Sculpt Simulacrum        Ice/Alch       0%         N/A       100%        6
 Starburst                Conj/Fire      0%         6d3       100%        6
 Orb of Destruction       Conj           0%         9d5       100%        7
 Ignition                 Fire           0%         3d3       100%        8
 Maxwell's Capacitive Co  Air            0%         ∞         100%        8
 Chain Lightning          Conj/Air       0%         N/A       100%        9


Dungeon Overview and Level Annotations

Branches:
Dungeon (15/15)            Temple (1/1) D:7            Lair (5/5) D:11
  Swamp (4/4) Lair:2        Snake (0/4) Lair:3        Slime (0/5) Lair:4
    Orc (2/2) D:11            Elf (2/3) Orc:2        Vaults (2/5) D:13
  Crypt (0/3) Vaults:2     Depths (0/4) D:15          IceCv (visited)

Altars:
Ashenzari
Cheibriados
Dithmenos
Elyvilon
Fedhas
Gozag
Hepliaklqana
Kikubaaqudgha
Makhleb
Nemelex Xobeh
Okawaru
Qazlal
Ru
Sif Muna
Trog
Uskayaw
Vehumet
Wu Jian
Xom
Yredelemnul
Zin
The Shining One

Shops:
D:10 *   D:11 !   D:14 *   Orc:1 [   Orc:2 ([((   Elf:1 *(=*   Elf:2 [
Vaults:1 [(

Portals:
Trove: Elf:2 (give +4 fire dragon scales)

Annotations:
Swamp:1 2 transporters, Chiseanne's ghost, adept DsWn
Elf:2 Zenata
Vaults:2 Mennas


Innate Abilities, Weirdness & Mutations

You have a pair of horns on your head.
You reflexively headbutt those who attack you in melee.


Message History

The +0 hand axe of electrocution hits you!
* * * LOW HITPOINT WARNING * * *
You block the +2 heavy trident's attack.
Okay, then.
You feel much better.
The +0 hand axe of electrocution hits you but does no damage.
You are electrocuted!
* * * LOW HITPOINT WARNING * * *
Zenata hits you with a +3 triple sword!
* * * LOW HITPOINT WARNING * * *
The +2 heavy trident barely misses you.
You block the +0 hand axe of electrocution's attack.
You slice Zenata!! You headbutt Zenata, but do no damage.
Zenata is severely wounded.
You closely miss the +0 hand axe of electrocution.
The +0 hand axe of electrocution hits you but does no damage.
The +2 heavy trident hits you from afar!
* * * LOW HITPOINT WARNING * * *
Zenata points at you and mumbles some strange words.
A blast of power from the earth and the +0 hand axe of electrocution strikes you!
The Shining One protects you from harm!
The deep elf zephyrmancer mumbles some strange words.
The deep elf zephyrmancer blinks!
You block the +0 hand axe of electrocution's attack.
Activating: Cleansing Flame (1% risk of failure)
Press: ? - help, Dir - look around, f - activate The golden flame engulfs you but does no damage.
You resist.
The golden flame engulfs the +0 hand axe of electrocution!!
The +0 hand axe of electrocution is almost destroyed.
The golden flame engulfs Zenata.
Zenata is severely wounded.
The golden flame engulfs the +2 heavy trident!
The +2 heavy trident is heavily damaged.
The golden flame engulfs the +0 long sword of electrocution.
The +0 long sword of electrocution is lightly damaged.
You block the +2 heavy trident's attack.
The +0 hand axe of electrocution hits you but does no damage.
The +0 hand axe of electrocution hits you.
You die...

#..#.### # #......#
(....? #. #.##.#.#
..(... #.# #.##.#.#
(..... ### #.##.#.#
...§.. #....#.###
...... ##.......#
##$.....
##...#.#.###((..(.)
#........(@a((..[..
##...#.#.####......
#..##.#.# .#...#
#.###.#.# ...>).
#.###.#.# ###.##
#.......# #
#####.### #.# #.#


You could see Zenata and 5 dancing weapons.

Vanquished Creatures
  A thorn hunter (Swamp:3)
  A deep elf sorcerer (Elf:1)
  An orc warlord (Orc:2)
  A curse skull (Vaults:2)
  2 vault wardens (Vaults:1)
  A reaper (IceCv)
  9 ironbound preservers
  3 ghouls (Swamp:4)
  An ironbound thunderhulk (Vaults:1)
  2 green draconians (Swamp:1)
  3 deep elf demonologists (Elf:2)
  6 eleionomae
  A vampire knight (Vaults:2)
  Azrael (D:14)
  4 bunyips
  11 dire elephants
  Snorg (D:11)
  The ghost of dertzug the Basher, a journeyman AtFi of Okawaru (D:12)
  An ettin (D:12)
  2 fire dragons
  2 shambling mangroves
  5 yaktaur captains
  Fannar (Lair:2)
  21 hydras
  A spriggan air mage (Swamp:3)
  The ghost of lasso the Cleaver, a journeyman DsGl of Nemelex Xobeh (D:11)
  3 great orbs of eyes
  3 catoblepae
  10 alligators
  2 boulder beetles
  10 centaur warriors
  3 ghost crabs
  2 ironbound frosthearts (Vaults:2)
  8 dancing weapons
  2 death knights (Vaults:2)
  8 two-headed ogres
  2 tengu warriors
  20 death yaks
  7 spriggans
  2 orc high priests (Orc:1)
  A hell knight (D:15)
  8 deep elf knights
  A skyshark (Lair:5)
  A fire crab (Lair:1)
  Lodul (D:11)
  4 spriggan druids
  An arcanist (Vaults:2)
  31 deep trolls
  4 bog bodies
  4 goliath frogs
  A glowing orange brain (Vaults:2)
  14 swamp dragons
  15 lindwurms
  17 deep elf zephyrmancers
  3 ironbound convokers (Vaults:1)
  14 deep elf archers
  2 phantasmal warriors
  6 orc knights
  A harpy (Vaults:2)
  5 cyclopes
  6 manticores
  23 ugly things
  22 deep elf pyromancers
  3 orc sorcerers
  5 elephants
  5 will-o-the-wisps
  Maurice (D:8)
  A moth of wrath (shapeshifter) (Vaults:2)
  7 kobold blastminers
  6 vault sentinels
  2 ice statues (IceCv)
  6 black mambas
  2 gargoyles
  6 torpor snails
  An unseen horror (D:13)
  9 rime drakes
  A kobold demonologist (D:11)
  10 cane toads
  2 efreet (D:13)
  9 komodo dragons
  6 ice devils (IceCv)
  The ghost of Quickbrownfox the Changeling, a novice OpSh (D:4)
  A freezing wraith (IceCv)
  19 yaktaurs
  2 tengu conjurers (D:15)
  A polar bear (Lair:4)
  A polar bear (shapeshifter) (D:15)
  2 bloated husks
  13 tyrant leeches
  5 trolls
  6 dream sheep
  20 hornets
  22 blink frogs
  A dream sheep (shapeshifter) (D:15)
  3 shadows
  9 slime creatures
  2 centaur simulacra
  An air elemental (Elf:1)
  3 water elementals
  5 wraiths
  5 fire elementals
  5 wyverns
  2 vampires (D:13)
  52 yaks
  5 wargs
  5 basilisks
  2 death yak simulacra (IceCv)
  13 vampire mosquitoes
  Menkaure (D:7)
  22 swamp worms
  7 nagas (Lair:3)
  An acid dragon (D:11)
  2 hydra simulacra (IceCv)
  16 water moccasins
  12 swamp drakes
  Duvessa (D:7)
  A sky beast (D:7)
  An ice beast (D:6)
  5 black bears
  3 hell hounds
  34 orc warriors
  2 laughing skulls (D:13)
  20 ogres
  14 wolves
  12 centaurs
  A kobold brigand (D:9)
  2 phantoms
  18 bullfrogs
  A two-headed ogre simulacrum (IceCv)
  8 scorpions
  A cane toad simulacrum (IceCv)
  An earth elemental (Elf:1)
  Dowan (D:7)
  An elephant simulacrum (IceCv)
  2 howler monkeys
  6 crimson imps (D:9)
  2 electric eels
  A bombardier beetle (D:5)
  5 hounds
  21 orc priests
  6 jellies
  3 gnoll boudas
  Jessica (D:2)
  Terence (D:2)
  2 sleepcaps (D:6)
  7 iguanas
  6 hell rats (Lair:5)
  25 orc wizards
  2 troll simulacra (IceCv)
  A polar bear simulacrum (IceCv)
  2 spriggan simulacra (IceCv)
  A wolf simulacrum (IceCv)
  7 adders
  17 gnolls
  3 naga simulacra (IceCv)
  3 shadow imps
  6 white imps
  3 ufetubi (IceCv)
  6 dart slugs
  6 ribbon worms
  83 orcs
  11 endoplasms
  3 giant cockroaches
  3 goblins
  6 hobgoblins
  4 jackals (D:2)
  16 kobolds
  2 quokkas
  7 ball pythons
  10 bats
  3 frilled lizards
  2 rats
1122 creatures vanquished.

Vanquished Creatures (collateral kills)
  An ironbound preserver (Vaults:2)
  A gnoll bouda (D:4)
  3 gnolls (D:4)
5 creatures vanquished.

Vanquished Creatures (others)
  A deep elf pyromancer (Elf:1)
  A deep elf zephyrmancer (Elf:1)
  2 bloated husks
  3 slime creatures (Vaults:1)
  A swamp worm (Swamp:1)
  18 foxfires
  28 spectral weapons
54 creatures vanquished.

Grand Total: 1181 creatures vanquished

Notes
Turn   | Place    | Note
-------+----------+-------------------------------------------
     0 | D:1      | kayski the Minotaur Fighter began the quest for the Orb.
     0 | D:1      | Reached XP level 1. HP: 19/19 MP: 0/0
   137 | D:1      | Reached XP level 2. HP: 24/27 MP: 1/1
   434 | D:1      | Reached XP level 3. HP: 31/33 MP: 2/2
   834 | D:2      | Reached skill level 1 in Unarmed Combat
   889 | D:2      | Noticed Jessica
   906 | D:2      | Killed Jessica
   907 | D:2      | Reached XP level 4. HP: 24/41 MP: 3/3
  1048 | D:2      | Found a faded altar of an unknown god.
  1235 | D:2      | Noticed Terence
  1272 | D:2      | Killed Terence
  1508 | D:3      | Reached XP level 5. HP: 38/47 MP: 4/4
  1654 | D:3      | Found an ancient bone altar of Kikubaaqudgha.
  2141 | D:4      | Reached skill level 5 in Fighting
  2493 | D:4      | Reached skill level 1 in Throwing
  2500 | D:4      | Reached XP level 6. HP: 56/56 MP: 5/5
  2520 | D:4      | Found a shadowy altar of Dithmenos.
  2525 | D:4      | Found a snail-covered altar of Cheibriados.
  2597 | D:4      | Identified the +6 halberd "Egrir" {venom, ^Fragile rN+
                  | Dex+4}
  2761 | D:4      | Found a transporter.
  2761 | D:4      | Found a transporter.
  2818 | D:4      | Reached skill level 5 in Armour
  2993 | D:4      | Noticed Quickbrownfox's ghost (novice OpSh)
  3005 | D:4      | Killed Quickbrownfox's ghost
  3006 | D:4      | Reached skill level 5 in Axes
  3006 | D:4      | Reached skill level 5 in Shields
  3006 | D:4      | Reached XP level 7. HP: 63/63 MP: 6/6
  3079 | D:5      | Entered Level 5 of the Dungeon
  3389 | D:5      | Reached XP level 8. HP: 62/71 MP: 7/7
  4518 | D:6      | Reached skill level 1 in Maces & Flails
  4712 | D:6      | Reached XP level 9. HP: 81/81 MP: 8/8
  5032 | D:6      | Identified a scroll of acquirement
  5032 | D:6      | Acquired 462 gold pieces
  5211 | D:7      | Noticed Dowan
  5211 | D:7      | Noticed Duvessa
  5226 | D:7      | Killed Duvessa
  5230 | D:7      | Killed Dowan
  5323 | D:7      | Reached skill level 5 in Maces & Flails
  5340 | D:7      | Noticed a two-headed ogre
  5358 | D:7      | Killed a two-headed ogre
  5359 | D:7      | Reached skill level 5 in Unarmed Combat
  5359 | D:7      | Reached XP level 10. HP: 76/91 MP: 9/9
  5447 | D:7      | Noticed Menkaure
  5453 | D:7      | Killed Menkaure
  5803 | D:7      | Found a staircase to the Ecumenical Temple.
  5812 | Temple   | Entered the Ecumenical Temple
  5854 | Temple   | Became a worshipper of the Shining One
  6403 | D:8      | Noticed Maurice
  6409 | D:8      | Killed Maurice
  6450 | D:8      | Reached skill level 10 in Fighting
  7104 | D:9      | Reached skill level 10 in Axes
  7245 | D:9      | Reached * piety under the Shining One
  7245 | D:9      | Identified the +7 scimitar of Fee Simple {flame, MP+9
                  | Int+3}
  7253 | D:9      | Reached XP level 11. HP: 101/101 MP: 10/10
  7509 | D:9      | Reached ** piety under the Shining One
  7907 | D:10     | Entered Level 10 of the Dungeon
  8116 | D:10     | Noticed a two-headed ogre
  8140 | D:10     | Killed a two-headed ogre
  8351 | D:10     | Noticed a brown ugly thing
  8362 | D:10     | Killed a brown ugly thing
  8376 | D:10     | Identified the +4 ring mail "Ytisuype" {^Contam Harm rElec
                  | Slay+5}
  8470 | D:10     | Found a broken altar of Ashenzari.
  8474 | D:10     | Saw a vision of the Swamp and the Snake Pit.
  8474 | D:10     | Noticed an alligator
  8474 | D:10     | Noticed a goliath frog
  8474 | D:10     | Noticed an eleionoma
  8474 | D:10     | Noticed a naga sharpshooter
  8474 | D:10     | Noticed a naga ritualist
  8474 | D:10     | Noticed a naga sharpshooter
  8476 | D:10     | Noticed a bunyip
  8476 | D:10     | Noticed a naga ritualist
  8477 | D:10     | Noticed a bog body
  8479 | D:10     | Noticed a ghost crab
  8504 | D:10     | Reached *** piety under the Shining One
  8564 | D:10     | Found Oxzeetuph's General Store.
  8572 | D:10     | Bought a potion of curing for 42 gold pieces
  9142 | D:11     | Found a staircase to the Orcish Mines.
  9283 | D:11     | Found a staircase to the Lair.
  9337 | D:11     | Found Aroagus's Distillery.
  9363 | D:11     | Noticed a two-headed ogre
  9370 | D:11     | Killed a two-headed ogre
  9371 | D:11     | Reached skill level 1 in Invocations
  9397 | D:11     | Noticed Snorg
  9402 | D:11     | Killed Snorg
  9405 | D:11     | Noticed a five-headed hydra
  9410 | D:11     | Killed an 11-headed hydra
  9411 | D:11     | Reached skill level 10 in Maces & Flails
  9488 | D:11     | Found a runed translucent gate.
  9488 | D:11     | Found a runed translucent gate.
  9488 | D:11     | Found a runed translucent gate.
  9491 | D:11     | Noticed lasso's ghost (journeyman DsGl)
  9492 | D:11     | Noticed a catoblepas
  9492 | D:11     | Noticed a red ugly thing
  9759 | D:11     | Noticed a boulder beetle
  9765 | D:11     | Killed a boulder beetle
  9766 | D:11     | Reached XP level 12. HP: 107/113 MP: 12/12
  9953 | D:11     | Noticed Lodul
  9965 | D:11     | Killed Lodul
 10276 | D:11     | Killed lasso's ghost
 10281 | D:11     | Killed a catoblepas
 10303 | D:11     | Reached skill level 5 in Throwing
 10466 | D:12     | Found a transporter.
 10469 | D:12     | Noticed an ettin
 10469 | D:12     | Reached **** piety under the Shining One
 10470 | D:12     | Noticed dertzug's ghost (journeyman AtFi)
 10520 | D:12     | Found a transporter.
 10591 | D:12     | Noticed a two-headed ogre
 10597 | D:12     | Killed a two-headed ogre
 10624 | D:12     | Got the Directory of Charged Ectoplasm
 10703 | D:12     | Noticed a two-headed ogre
 10708 | D:12     | Killed a two-headed ogre
 11045 | Lair:1   | Entered Level 1 of the Lair of Beasts
 11055 | Lair:1   | Reached skill level 10 in Armour
 11258 | Lair:1   | Reached XP level 13. HP: 115/122 MP: 14/14
 12009 | Lair:2   | Found a frozen archway.
 12024 | IceCv    | Entered an ice cave
 12050 | IceCv    | Reached ***** piety under the Shining One
 12231 | IceCv    | Noticed a reaper
 12242 | IceCv    | Killed a reaper
 12368 | Lair:2   | Noticed Fannar
 12380 | Lair:2   | Killed Fannar
 12448 | Lair:2   | Identified the +5 spear of Pukoxig {flame, rN+ rCorr}
 12721 | Lair:2   | Found a staircase to the Swamp.
 13146 | Lair:3   | Reached skill level 5 in Invocations
 13397 | Lair:3   | Reached ****** piety under the Shining One
 13555 | Lair:3   | Found a staircase to the Snake Pit.
 13779 | Lair:4   | Reached XP level 14. HP: 117/133 MP: 16/16
 14057 | Lair:4   | Reached skill level 15 in Fighting
 14160 | Lair:4   | Found a staircase to the Slime Pits.
 14566 | Lair:5   | Entered Level 5 of the Lair of Beasts
 14589 | Lair:5   | Reached skill level 15 in Axes
 14689 | Lair:5   | Reached skill level 10 in Unarmed Combat
 15496 | Lair:5   | Reached XP level 15. HP: 140/144 MP: 18/18
 16126 | Orc:1    | Entered Level 1 of the Orcish Mines
 16133 | Orc:1    | Reached skill level 15 in Maces & Flails
 16305 | Orc:1    | Found Sangiy's Antique Armour Shop.
 16402 | Orc:1    | Bought an ancient plate armour for 560 gold pieces
 16402 | Orc:1    | Identified the +4 plate armour "Cysalacs" {Str+7} (You
                  | bought it in a shop on level 1 of the Orcish Mines)
 16528 | Orc:2    | Entered Level 2 of the Orcish Mines
 16850 | Orc:2    | Found Etutew's Antique Weapon Shop.
 16911 | Orc:2    | Found Naepebij's Antique Weapon Shoppe.
 16956 | Orc:2    | Found a staircase to the Elven Halls.
 17043 | Orc:2    | Found Wuliery's Antique Weapon Boutique.
 17047 | Orc:2    | Found Lekh's Antique Armour Shop.
 17722 | D:11     | Bought a potion of curing for 42 gold pieces
 17722 | D:11     | Bought a potion of heal wounds for 70 gold pieces
 17722 | D:11     | Bought a potion of curing for 42 gold pieces
 17722 | D:11     | Bought a potion of brilliance for 56 gold pieces
 17790 | D:12     | Killed dertzug's ghost
 17982 | D:13     | Found a gate to the Vaults.
 18012 | D:13     | Identified the +5 flail of Innocence {flame, rC+ rN+ Dex+2}
 18438 | D:14     | Noticed Azrael
 18501 | D:14     | Killed Azrael
 18571 | D:14     | Found Achuy's Alliterative Armaments.
 19046 | D:15     | Entered Level 15 of the Dungeon
 19074 | D:15     | Found a staircase to the Depths.
 19203 | D:15     | Found an iron altar of Okawaru.
 19214 | D:15     | Reached skill level 1 in Evocations
 19262 | D:15     | Reached XP level 16. HP: 155/155 MP: 20/20
 19783 | D:15     | Found a glowing silver altar of Zin.
 20198 | Swamp:1  | Entered Level 1 of the Swamp
 20406 | Swamp:1  | Found a transporter.
 20469 | Swamp:1  | Noticed Chiseanne's ghost (adept DsWn)
 20471 | Swamp:1  | Found a transporter.
 22416 | Swamp:3  | Noticed a thorn hunter
 22455 | Swamp:3  | Killed a thorn hunter
 22859 | Swamp:4  | Entered Level 4 of the Swamp
 22866 | Swamp:4  | Reached XP level 17. HP: 163/166 MP: 22/22
 23029 | Swamp:3  | Acquired the +0 buckler of Tucva {-Cast rN+ rCorr Dex+3}
 23031 | Swamp:3  | Acquired the scarf of the Alphagorgon {shadows, rF+ Regen+
                  | rCorr}
 23033 | Swamp:3  | Acquired a manual of Armour
 24026 | Swamp:4  | Got a decaying rune of Zot
 24409 | Vaults:1 | Entered Level 1 of the Vaults
 24931 | Vaults:1 | Reached skill level 15 in Armour
 25463 | Vaults:1 | Found Zayj's Antique Weapon Boutique.
 25572 | Vaults:1 | Found Gurgh's Armour Boutique.
 25593 | Vaults:1 | Identified the +0 helmet "Aturigeh" {rElec Int+2}
 25718 | Vaults:1 | Reached XP level 18. HP: 167/178 MP: 24/24
 25809 | Vaults:1 | Reached skill level 10 in Invocations
 26246 | Vaults:2 | Reached skill level 10 in Shields
 26406 | Vaults:2 | Found a staircase to the Crypt.
 26778 | Vaults:2 | Identified the +7 broad axe "Jenarei" {pain, Fly rC+ Int+2
                  | Stlth-}
 26900 | Vaults:2 | Noticed Mennas
 27279 | Elf:1    | Entered Level 1 of the Elven Halls
 27290 | Elf:1    | Found Qoalul's Assorted Antiques.
 27292 | Elf:1    | Found Jaol's Antique Weapon Boutique.
 27294 | Elf:1    | Found Saebor's Jewellery Shop.
 27314 | Elf:1    | Bought 2 potions of curing for 162 gold pieces
 27314 | Elf:1    | Bought a potion of heal wounds for 135 gold pieces
 27314 | Elf:1    | Bought a potion of curing for 81 gold pieces
 28202 | Elf:1    | Found Piokki's Assorted Antiques.
 28209 | Elf:1    | Bought a potion of curing for 102 gold pieces
 28209 | Elf:1    | Bought a scroll of acquirement for 1768 gold pieces
 28209 | Elf:1    | Acquired a manual of Unarmed Combat
 28527 | Elf:1    | Paralysed by an air elemental for 1 turns
 28610 | Elf:2    | Found a portal to a secret trove of treasure.
 28926 | Elf:2    | Reached XP level 19. HP: 175/188 MP: 26/26
 28960 | Elf:2    | Found Saus's Armour Boutique.
 29293 | Elf:2    | Noticed Zenata
 29318 | Elf:2    | HP: 4/188 [+2 heavy trident[Zenata] (11)]
 29318 | Elf:2    | The Shining One protects you from harm!
 29319 | Elf:2    | Slain by a +0 hand axe of electrocution

Illustrated notes

Levels and vault maps discovered:
D:1:      roderic_crossed_star, layout_basic
D:2:      layout_rooms, hellmonk_ecumenical_altar_heavens_door, uniq_jessica,
          uniq_terence
D:3:      layout_loops_ring, lemuel_doored_altar
D:4:      layout_rooms, jmf_multi_god_temple2, gammafunk_ghost_gnarly_gnolls
D:5:      layout_basic, roderic_batcave, hangedman_abyss_or_decor_stabs,
          minmay_misc_feat_doors
D:6:      minmay_bubble_buster, layout_rooms
D:7:      layout_basic, lemuel_temple_firewalk_b, amcnicky_mini_pool_medium,
          uniq_duvessa, uniq_menkaure
D:8:      layout_gridville, uniq_maurice
D:9:      layout_basic, minmay_nine_imps
D:10:     layout_roguey, grunt_ashenzari_visionary
          [grunt_ashenzari_visionary_swamp, grunt_ashenzari_visionary_snake],
          serial_shops, shop_fountains, minmay_starry_boxes
D:11:     layout_grid_maze, erik_lair_island, orc_0_dummy,
          gammafunk_ghost_split, serial_shops, shop, uniq_lodul, uniq_snorg
D:12:     layout_irregular_city, gammafunk_ghost_arena
D:13:     layout_roguey, skrybe_vaults_entry_preservation
D:14:     layout_cave_pools, monkooky_shop_alliterative, uniq_azrael
D:15:     hangedman_depths_entry_civil_slaughter, layout_long_grid,
          okawaru_ov_weapons_minmay, zin_academy
Temple:   nicolae_temple_bog_church
Lair:1:   layout_chaotic_city, wad_woods_road_01, nzn_random_ring
Lair:2:   layout_roguey, palyth_hydra_swamp_entry, portal_ice_cave_rime,
          uniq_fannar
Lair:3:   layout_layer_cave, minmay_snake_entry_guardpost_large, minivault_19,
          lemuel_fruit_fields
Lair:4:   layout_concentric_octagons, nicolae_slime_entry_slimehenge
Lair:5:   wormcave, layout_misc_corridors, hangedman_lair_in_review,
          serial_bayou_lagoon_b, infiniplex_staircase_pool
Swamp:1:  layout_falls_marsh, gammafunk_ghost_mausoleum,
          evilmike_swamp_ruin_house_3, hangedman_swamp_dais
Swamp:2:  layout_basic_swamp, serial_swamp_ruin, evilmike_swamp_ruin_house_1,
          evilmike_swamp_ruin_house_5, swamp_pool_1_2
Swamp:3:  layout_basic_swamp, nicolae_swamp_rocky_clearing
Swamp:4:  swamp, layout_basic_swamp, nicolae_swamp_long_stream
Orc:1:    layout_caves, serial_shops, nicolae_shop_tiny_waterfront
Orc:2:    grunt_orc_community_town_hall, layout_caves,
          grunt_orc_community_big_house_2, grunt_orc_community_big_house_1,
          grunt_orc_community_house_1, grunt_orc_community_house_1,
          grunt_orc_community_house_2, grunt_orc_community_house_2,
          nicolae_orc_minecarts
Elf:1:    minmay_elf_crystal_hexagon, layout_loops_corners, serial_shops, shop,
          evilmike_minifort, dk_noncrumbling_3, minmay_shop_star
Elf:2:    elven_hall_of_blades_hangedman_alternative
          [infiniplex_blade_entry_pillars], layout_loops_corners,
          nicolae_trove_entry_free_sample, serial_shops, shop, uniq_zenata
Vaults:1: nicolae_vaults_ninety_degrees, v_misc_10, vaults_room_mumra_shop_pool,
          vaults_mumra_lcd, ontoclasm_vaults_bender,
          nicolae_vaults_tetromino_Z_1, ontoclasm_vaults_eye,
          layout_vaults_omnigrid, serial_shops, nicolae_shop_crystal
Vaults:2: v_alt_pattern_5, nicolae_vaults_tetromino_T_2,
          nicolae_vaults_spaceships, v_rooms_4,
          minmay_crypt_entry_simple_corners, vaults_mumra_chevron_long,
          vaults_mumra_chevron, nicolae_vaults_variable_pillar_hall,
          vaults_mumra_hexcomb, nicolae_vaults_storage_closets_2,
          hangedman_vaults_trim, nicolae_vaults_storage_room_glass,
          grunt_vaults_hallway_short, nicolae_vaults_tangram_1,
          layout_vaults_maze_bifur, uniq_mennas

Skill      XL: |  1  2  3  4  5  6  7  8  9 10 11 12 13 14 15 16 17 18 |
---------------+-------------------------------------------------------+-----
Fighting       | 4 5 6 8 9 10 12 13 14 16 17 18 19 20 | 20.9
Axes           | 3 4 5 6 7 8 10 12 13 14 15 17 18 19 20 | 20.7
Armour         | 4 5 6 7 8 9 10 11 12 13 15 | 15.4
Shields        | 4 5 6 7 8 9 11 | 11.1
Unarmed Combat | 1 2 3 4 5 6 7 8 9 10 11 12 | 12.4
Throwing       | 1 2 3 4 5 6 7 8 |  8.0
Maces & Flails | 2 5 7 10 11 13 14 16 17 | 17.1
Invocations    | 1 3 5 6 7 8 9 11 | 11.7
Evocations     | 1 3 4 |  4.4

Action                     |  1- 3 |  4- 6 |  7- 9 | 10-12 | 13-15 | 16-18 | 19-21 || total
---------------------------+-------+-------+-------+-------+-------+-------+-------++-------
  Melee: War axe           |   101 |   147 |   183 |   265 |   616 |   780 |    29 ||  2121
         Headbutt          |    15 |    18 |    32 |    58 |   158 |   279 |     8 ||   568
  Throw: Dart              |     8 |     8 |     6 |    29 |     2 |     2 |       ||    55
         Throwing net      |       |       |       |       |       |     2 |       ||     2
 Invoke: Divine Shield     |       |       |       |       |     1 |     2 |       ||     3
         Summon Divine War |       |       |       |       |       |     1 |       ||     1
         Cleansing Flame   |       |       |       |       |       |       |     1 ||     1
  Evoke: Wand              |       |     3 |       |     1 |     4 |     3 |       ||    11
    Use: Scroll            |     3 |     7 |    10 |    11 |     8 |    22 |       ||    61
         Potion            |       |       |       |     1 |     3 |    16 |     2 ||    22
   Stab: Distracted        |       |       |     1 |       |       |       |       ||     1
 Armour: Scale mail        |    65 |    24 |       |       |       |       |       ||    89
         Ring mail         |       |    70 |   118 |   116 |   195 |       |       ||   499
         Plate armour      |       |       |       |       |   201 |   918 |    43 ||  1162
  Dodge: Dodged            |    46 |    83 |    93 |    86 |   153 |   209 |     4 ||   674
  Block: Buckler           |    26 |    27 |    35 |    44 |   128 |    72 |       ||   332
         Kite shield       |       |       |       |       |       |   335 |    13 ||   348
